 Dungeon Crawl Stone Soup version 0.24.0-123-gd5b16e6ec5 (webtiles) character file.

Game seed: 9357725944500716132, levelgen mode: deterministic

9241 FishyPogo the Blocker (level 11, -14/105 HPs)
             Began as a Troll Chaos Knight on Dec 27, 2019.
             Was a Plaything of Xom.
             Demolished by an enormous slime creature (83 damage)
             ... on level 12 of the Dungeon.
             The game lasted 00:33:14 (8307 turns).

FishyPogo the Blocker (Troll Chaos Knight)          Turns: 8307, Time: 00:33:27

Health: -14/105    AC: 12    Str: 23    XL:     11   Next: 20%
Magic:  11/11      EV: 10    Int:  6    God:    Xom [...*..]
Gold:   311        SH: 18    Dex:  9    Spells: 11/12 levels left

rFire    . . .     SeeInvis .   b - +5 falchion "Demonbane" {freeze, rElec rPois rN+ Dex-2}
rCold    . . .     Gourm    +   o - +1 shield
rNeg     + . .     Faith    .   t - +1 robe {MR+}
rPois    +         Spirit   .   (helmet restricted)
rElec    +         Reflect  +   (no cloak)
rCorr    +         Harm     .   (gloves unavailable)
MR       +....                  (boots unavailable)
Stlth    ++........             F - +6 amulet of reflection
HPRegen  0.67/turn              v - +5 ring of protection
MPRegen  0.12/turn              y - ring of resist corrosion

@: death channel
A: large, unfitting armour, claws 3, talons 1, thin skeletal structure 1, dopey
1, fast metabolism 3, gourmand, regeneration 1, shaggy fur 1, tough skin 3, weak
1
a: Renounce Religion


You were on level 12 of the Dungeon.
You worshipped Xom.
You were a favourite toy of Xom.
You were very full.

You visited 1 branch of the dungeon, and saw 12 of its levels.
You also visited: Ossuary.

You collected 596 gold pieces.
You spent 285 gold pieces at shops.

Inventory:

Hand Weapons
 a - a +1 whip of venom
 b - the +5 falchion "Demonbane" (weapon) {freeze, rElec rPois rN+ Dex-2}
   (You bought it in a shop on level 5 of the Dungeon)

   It has been specially enchanted to freeze those struck by it, causing extra
   injury to most foes and up to half again as much damage against particularly
   susceptible opponents.
   It can also slow down cold-blooded creatures.
   It affects your dexterity (-2).
   It insulates you from electricity.
   It protects you from poison.
   It protects you from negative energy.
 N - a +5 long sword of freezing
 O - a +6 war axe
Missiles
 e - 338 stones (quivered)
 g - 33 poisoned darts
 m - 5 atropa-tipped darts
 B - 8 javelins
 E - 3 datura-tipped darts
 L - 7 curare-tipped darts
Armour
 o - a +1 shield (worn)
 t - a +1 robe of magic resistance (worn)
Magical Staves
 D - an uncursed staff of fire
Jewellery
 v - a +5 ring of protection (left claw)
 y - a ring of resist corrosion (right claw)
 A - an uncursed amulet of harm
 F - a +6 amulet of reflection (around neck)
Wands
 x - a wand of enslavement (9)
 G - a wand of clouds (6)
Scrolls
 f - 2 scrolls of amnesia
 h - 8 scrolls of remove curse
 j - 8 scrolls of identify
 l - 8 scrolls of teleportation
 w - a scroll of blinking
 J - a scroll of enchant weapon
 K - a scroll of magic mapping
 M - a scroll of noise
Potions
 d - a potion of lignification
 i - 2 potions of mutation
 k - 4 potions of might
 n - a potion of haste
 p - 2 potions of brilliance
 q - 2 potions of agility {unknown}
 r - a potion of resistance {unknown}
 s - 4 potions of curing
 u - 2 potions of berserk rage {unknown}
 C - a potion of ambrosia {unknown}
 H - a potion of flight
 I - a potion of invisibility {unknown}
Comestibles
 c - 34 rations
 z - 3 chunks of flesh


   Skills:
 * Level 6.1 Fighting
 + Level 5.1 Long Blades
 - Level 5.1 Maces & Flails
 - Level 2.0 Throwing
 - Level 3.0 Dodging
 * Level 8.7 Shields
 - Level 1.0 Spellcasting
 * Level 4.0 Conjurations
 - Level 5.0 Fire Magic


You had 11 spell levels left.
You knew the following spells:

 Your Spells              Type           Power        Failure   Level  Hunger
a - Flame Tongue          Conj/Fire      #....        8%          1    ##.....

Your spell library contained the following spells:

 Spells                   Type           Power        Failure   Level  Hunger
 Throw Flame              Conj/Fire      #.....       11%         2    ###....
 Conjure Flame            Conj/Fire      #.......     22%         3    ####...
 Corona                   Hex            #......      43%         1    ##.....
 Inner Flame              Hex/Fire       #.......     45%         3    ####...
 Dazzling Spray           Conj/Hex       #.....       52%         3    ####...
 Ensorcelled Hibernation  Hex/Ice        #.....       56%         2    ###....
 Sticky Flame             Conj/Fire      #.......     58%         4    #####..
 Confuse                  Hex            #.......     80%         3    ####...
 Tukima's Dance           Hex            #.......     80%         3    ####...
 Fireball                 Conj/Fire      #.........   90%         5    ######.


Dungeon Overview and Level Annotations

Branches:
Dungeon (12/15)            Temple (0/1) D:5            Lair (0/6) D:11
    Orc (0/2) D:12        Ossuary (visited)

Altars:
Ashenzari
Cheibriados
Gozag
Makhleb
Okawaru
Sif Muna
Xom
Yredelemnul

Shops:
D:4 [   D:5 (   D:7 !   D:9 ?

Annotations:
D:11 Sonja


Innate Abilities, Weirdness & Mutations

You are too large for most types of armour.
You have claws for hands.
Your metabolism is lightning-fast.
You like to eat raw meat.
Your natural rate of healing is unusually fast.
You are covered in fur. (AC +1)
You have extremely tough skin. (AC +3)
You have sharp toenails.
You have a somewhat thin skeletal structure. (Dex +2, Stealth)
You are dopey. (Int -2)
You are weak. (Str -2)


Message History

The enormous slime creature is severely wounded.
You block the enormous slime creature's attack.
You slash the enormous slime creature! You freeze the enormous slime creature.
Your kick misses the enormous slime creature.
The enormous slime creature is severely wounded.
You block the enormous slime creature's attack.
You slash the enormous slime creature! You freeze the enormous slime creature.
The enormous slime creature is severely wounded.
You block the enormous slime creature's attack.
You slash the enormous slime creature! You freeze the enormous slime creature.
Your kick misses the enormous slime creature.
The enormous slime creature is severely wounded.
You block the enormous slime creature's attack.
You hit the enormous slime creature. You freeze the enormous slime creature.
You claw the enormous slime creature!
The enormous slime creature is almost dead.
The enormous slime creature hits you!!!!
Ouch! That really hurt!
You die...
Xom bursts into laughter!

#######..###<....#
.###.#.######
...........# #.
..#....###.# ..
.....>.# #.# #
..#.#..# #.# # .
#....# #.# #.#.##
#.# #.#. #@# #J#
... #...# ....#
###.## #.# ...


You could see an enormous slime creature.

Vanquished Creatures
  A two-headed ogre (D:8)
  Urug (D:11)
  A gargoyle (D:11)
  Psyche (D:11)
  A troll (D:9)
  3 hippogriffs
  16 yaks
  A wraith (Ossuary)
  A basilisk (D:11)
  2 hungry ghosts (D:9)
  2 water moccasins
  A swamp drake (D:5)
  4 ice beasts
  2 sky beasts
  A hornet zombie (D:6)
  An ogre (D:8)
  A black bear (shapeshifter) (D:12)
  A phantom (D:7)
  A crocodile (D:11)
  2 big kobolds (D:10)
  6 bullfrogs
  A wyvern zombie (D:10)
  3 scorpions
  7 wights
  2 howler monkeys
  2 quasits
  2 bullfrog skeletons
  3 hounds
  4 orc wizards
  2 orc priests
  7 jellies
  3 centaur skeletons
  8 iguanas
  2 worker ants
  3 hound skeletons
  A howler monkey zombie (D:8)
  3 mummies (Ossuary)
  7 gnolls
  10 adders
  7 oozes
  2 adder skeletons
  3 worms
  2 dart slugs (D:1)
  2 leopard geckos
  26 orcs
  8 bats
  4 giant cockroaches
  2 gnoll zombies (Ossuary)
  9 goblins
  9 hobgoblins
  5 jackals
  19 kobolds
  4 quokkas
  4 ball pythons
  2 frilled lizards
  4 goblin zombies (Ossuary)
  4 hobgoblin zombies (Ossuary)
  2 jackal skeletons
  2 kobold zombies (Ossuary)
  A leopard gecko skeleton (D:5)
  11 rats
252 creatures vanquished.

Vanquished Creatures (collateral kills)
  A sky beast (D:10)
1 creature vanquished.

Grand Total: 253 creatures vanquished

Notes
Turn   | Place    | Note
-------+----------+-------------------------------------------
     0 | D:1      | FishyPogo the Troll Chaos Knight began the quest for the
                  | Orb.
     0 | D:1      | Reached XP level 1. HP: 22/22 MP: 0/0
    97 | D:1      | Reached XP level 2. HP: 25/29 MP: 1/1
    97 | D:1      | XOM: potion effect (invisibility)
   270 | D:1      | XOM: 3-stop teleportation journey
   296 | D:1      | Reached XP level 3. HP: 35/36 MP: 2/2
   592 | D:2      | Reached skill level 1 in Throwing
   623 | D:2      | XOM is BORED!
   623 | D:2      | XOM: mild Tmut miscast
   628 | D:2      | You fall into a shaft and drop 2 floors!
   637 | D:3      | Found an iron altar of Okawaru.
   903 | D:2      | XOM: 1-stop teleportation journey
   923 | D:2      | Noticed a scorpion
   927 | D:2      | Killed a scorpion
   927 | D:2      | Reached XP level 4. HP: 42/45 MP: 3/3
   983 | D:2      | XOM: give mutations
   983 | D:2      | Gained mutation: You are weak. (Str -2) [Xom's mischief]
   983 | D:2      | Gained mutation: You are dopey. (Int -2) [Xom's mischief]
   983 | D:2      | Gained mutation: You are very weak. (Str -4) [Xom's
                  | mischief]
   983 | D:2      | Gained mutation: You are agile. (Dex +2) [Xom's mischief]
  1057 | D:2      | Found a shattered altar of Ashenzari.
  1149 | D:2      | Reached XP level 5. HP: 42/53 MP: 4/4
  1697 | D:3      | Found a burning altar of Makhleb.
  1697 | D:3      | Noticed an Executioner
  1700 | D:3      | Noticed a neqoxec
  1700 | D:3      | Noticed a hellwing
  1788 | D:3      | XOM: give mutation
  1788 | D:3      | Lost mutation: You are agile. (Dex +2) [Xom's mischief]
  1908 | D:3      | XOM: divination: magic mapping
  1935 | D:3      | XOM: divination: magic mapping
  1980 | D:4      | XOM: harmless Summ miscast
  2177 | D:4      | Found Huryn's Antique Armour Boutique.
  2215 | D:4      | Reached XP level 6. HP: 45/61 MP: 5/5
  2287 | D:4      | XOM: mild Pois miscast
  2366 | D:4      | Reached skill level 1 in Shields
  2525 | D:4      | XOM: chaos upgrade
  2546 | D:4      | XOM: harmless Erth miscast
  2557 | D:4      | HP: 3/61 [gnoll/+0 club (4)]
  2771 | D:5      | Entered Level 5 of the Dungeon
  2773 | D:5      | Noticed an ice beast
  2788 | D:5      | Killed an ice beast
  2845 | D:5      | XOM: 1-stop teleportation journey
  2880 | D:5      | Reached skill level 2 in Shields
  2904 | D:5      | Found Hytsaz Usit's Antique Weapon Boutique.
  2910 | D:5      | Bought a warped falchion for 144 gold pieces
  2910 | D:5      | Identified the +5 falchion "Demonbane" {freeze, rElec rPois
                  | rN+ Dex-2} (You bought it in a shop on level 5 of the
                  | Dungeon)
  3233 | D:5      | Got an ancient scale mail
  3260 | D:5      | Found a shimmering blue altar of Sif Muna.
  3283 | D:5      | Reached XP level 7. HP: 55/67 MP: 6/6
  3293 | D:5      | XOM: polymorph orc wizard -> swamp drake
  3331 | D:5      | XOM: noise
  3334 | D:5      | XOM: confusion
  3353 | D:5      | Reached skill level 1 in Long Blades
  3553 | D:5      | Found a staircase to the Ecumenical Temple.
  3604 | D:5      | Learned a level 1 spell: Flame Tongue
  3604 | D:5      | XOM is BORED!
  3604 | D:5      | XOM: medium Hex miscast
  3735 | D:6      | XOM: summons friendly crimson imp
  3738 | D:6      | Reached skill level 5 in Maces & Flails
  3738 | D:6      | Reached skill level 3 in Shields
  3878 | D:6      | Reached skill level 4 in Shields
  3878 | D:6      | Reached XP level 8. HP: 55/78 MP: 7/7
  4158 | D:6      | XOM: god gift: 3 datura-tipped darts
  4271 | D:6      | XOM is BORED!
  4271 | D:6      | XOM: give mutation
  4271 | D:6      | Lost mutation: You are very weak. (Str -4) [Xom's mischief]
  4460 | D:7      | XOM: enchant monster (good)
  4473 | D:7      | XOM: give mutations
  4473 | D:7      | Gained mutation: You have a somewhat thin skeletal
                  | structure. (Dex +2, Stealth) [Xom's mischief]
  4473 | D:7      | Gained mutation: Your body sometimes deteriorates upon
                  | taking damage. [Xom's mischief]
  4473 | D:7      | Lost mutation: Your body sometimes deteriorates upon taking
                  | damage. [Xom's mischief]
  4473 | D:7      | Gained mutation: You have sharp toenails. [Xom's mischief]
  4754 | D:7      | Reached skill level 1 in Fire Magic
  4788 | D:7      | Found a sand-covered staircase.
  4797 | Ossuary  | Entered an ossuary
  5071 | Ossuary  | Reached skill level 5 in Shields
  5299 | D:7      | Found a snail-covered altar of Cheibriados.
  5304 | D:7      | XOM: enchant monster (bad)
  5323 | D:7      | Found Bisch's Distillery.
  5346 | D:7      | Bought a potion of mutation for 96 gold pieces
  5499 | D:8      | Noticed a two-headed ogre
  5508 | D:8      | Killed a two-headed ogre
  5508 | D:8      | Reached skill level 6 in Shields
  5508 | D:8      | Reached XP level 9. HP: 33/84 MP: 8/8
  5621 | D:8      | XOM: god gift: leather armour {god gift}
  5644 | D:8      | XOM: summons friendly ufetubus
  5785 | D:8      | Found an opulent altar of Gozag.
  5878 | D:8      | Found a basalt altar of Yredelemnul.
  5885 | D:8      | Found a shimmering altar of Xom.
  6119 | D:9      | Found Yhisiosiu's Magic Scroll Boutique.
  6135 | D:9      | Bought a scroll of magic mapping for 45 gold pieces
  6187 | D:9      | Got a fine hand axe
  6188 | D:9      | Identified the +2 hand axe "Zalobis" {venom, Fragile Str+4}
                  | (You found it on level 9 of the Dungeon)
  6219 | D:9      | Noticed a troll
  6271 | D:9      | XOM: cast spell 'Metabolic Englaciation'
  6284 | D:9      | Reached skill level 7 in Shields
  6287 | D:9      | XOM: medium Summ miscast
  6288 | D:9      | Noticed a sixfirhy
  6288 | D:9      | Paralysed by fainting for 5 turns
  6294 | D:9      | Killed a troll
  6533 | D:9      | Found a shimmering altar of Xom.
  6533 | D:9      | Found a shimmering altar of Xom.
  6534 | D:9      | Found a shimmering altar of Xom.
  6564 | D:9      | Reached skill level 5 in Fire Magic
  6645 | D:9      | Found a shimmering altar of Xom.
  6646 | D:9      | Found a shimmering altar of Xom.
  6668 | D:9      | XOM: harmless Air miscast
  6797 | D:10     | Entered Level 10 of the Dungeon
  6805 | D:10     | XOM: 1-stop teleportation journey
  6905 | D:9      | Reached XP level 10. HP: 89/92 MP: 7/9
  7020 | D:10     | XOM: noise
  7033 | D:10     | XOM: noise
  7039 | D:10     | Reached skill level 1 in Conjurations
  7211 | D:10     | XOM: harmless Erth miscast
  7536 | D:11     | Noticed Urug
  7545 | D:11     | XOM: potion effect (curing)
  7548 | D:11     | XOM: confuse monster(s)
  7555 | D:11     | Killed Urug
  7555 | D:11     | Reached skill level 5 in Fighting
  7555 | D:11     | Reached skill level 8 in Shields
  7568 | D:11     | Found a staircase to the Lair.
  7582 | D:11     | XOM: divination: magic mapping
  7632 | D:11     | XOM: silly message
  7674 | D:11     | XOM: noise
  7690 | D:11     | XOM: potion effect (haste)
  7698 | D:11     | XOM: harmless Fire miscast
  7703 | D:11     | XOM: confuse monster(s)
  7713 | D:11     | Reached skill level 1 in Spellcasting
  7738 | D:11     | Noticed Psyche
  7752 | D:11     | Killed Psyche
  7753 | D:11     | XOM: smoke on damage
  7764 | D:11     | XOM: potion effect (agility)
  7768 | D:11     | Noticed a gargoyle
  7773 | D:11     | XOM: potion effect (brilliance)
  7795 | D:11     | XOM: cast spell 'Summon Ice Beast'
  7814 | D:11     | Killed a gargoyle
  7814 | D:11     | Reached XP level 11. HP: 48/105 MP: 11/11
  7822 | D:11     | Reached skill level 5 in Long Blades
  7836 | D:11     | XOM: summons 2 friendly demons
  7838 | D:11     | XOM: enchant monster (good)
  7843 | D:11     | XOM: confuse monster(s)
  7850 | D:11     | Noticed Sonja
  7853 | D:11     | XOM: scenery: 1 doors close
  7994 | D:12     | Found a staircase to the Orcish Mines.
  7994 | D:12     | XOM: 2-stop teleportation journey
  8070 | D:12     | XOM: scenery: create altars
  8083 | D:12     | XOM: polymorph yak -> shapeshifter
  8094 | D:12     | XOM: polymorph salamander -> shapeshifter
  8292 | D:12     | XOM: cast spell 'Death Channel'
  8307 | D:12     | Demolished by an enormous slime creature

Levels and vault maps discovered:
D:1:      co_arrival_square_in_a_square_in_a_square, layout_rooms, minivault_26
D:2:      wander_river, layout_loops_ring, evilmike_ruin_ashenzari, minivault_5,
          hangedman_decor_growths
D:3:      layout_basic, okawaru_gym_becter, makhleb_altar_promises_db
D:4:      layout_gridville, first_ration, serial_shops, nicolae_shop_stone
D:5:      layout_basic, minmay_temple_entry_offerings, serial_shops,
          nicolae_shop_competitors_out_of_business, led_sif_book
D:6:      layout_basic, kennysheep_generic_room_6
D:7:      layout_loops_ring, lemuel_crystal_altar, chequers_ossuary_entry_cave,
          serial_shops, shop
D:8:      layout_cave_pools, grunt_gozag_statues, minitemple,
          hangedman_little_slice_of_home
D:9:      corexii_shack_village, layout_basic, serial_shops,
          nicolae_shop_waterfront, xom_redecorated
D:10:     layout_cave_pools, serial_rivers, chequers_serial_rivers_micro_a,
          chequers_serial_rivers_room_a, chequers_serial_rivers_small_3,
          chequers_serial_rivers_small_a, chequers_serial_rivers_micro_d,
          chequers_serial_rivers_micro_d
D:11:     layout_gridville, david_lair_generic, nicolae_transmutations_shop,
          uniq_urug, uniq_psyche, uniq_harold, uniq_maurice, uniq_sonja
D:12:     layout_loops_ring, erik_orc_1

Skill      XL: |  1  2  3  4  5  6  7  8  9 10 11 |
---------------+----------------------------------+-----
Dodging        | 2 3 |  3.0
Maces & Flails | 3 4 5 |  5.1
Throwing       | 1 2 |  2.0
Fighting       | 3 4 5 6 |  6.1
Shields        | 2 4 6 7 8 |  8.7
Long Blades    | 2 3 4 5 |  5.1
Fire Magic     | 3 5 |  5.0
Conjurations   | 3 4 |  4.0
Spellcasting   | 1 |  1.0

Action                   |  1- 3 |  4- 6 |  7- 9 | 10-12 || total
-------------------------+-------+-------+-------+-------++-------
Melee: Mace              |    43 |       |       |       ||    43
       Whip              |    58 |   216 |    35 |       ||   309
       Falchion          |       |     4 |   366 |   283 ||   653
       Flail             |       |     2 |       |       ||     2
       Kick              |       |       |    66 |    97 ||   163
Throw: Dart              |     1 |       |       |       ||     1
       Boomerang         |       |    17 |    20 |       ||    37
       Stone             |       |       |     7 |       ||     7
Evoke: Wand              |       |       |     4 |       ||     4
  Use: Potion            |       |     1 |       |     7 ||     8
       Scroll            |       |       |    10 |     6 ||    16
 Stab: Confused          |     1 |       |     2 |     1 ||     4
       Paralysed         |     1 |       |       |       ||     1
       Sleeping          |       |     1 |     3 |     1 ||     5
  Eat: Chunk             |    14 |    21 |    38 |    19 ||    92
       Ration            |       |       |     2 |       ||     2
Armor: Robe              |    48 |    73 |   189 |    49 ||   359
       Skin              |       |       |       |    21 ||    21
Dodge: Dodged            |    56 |   106 |   162 |    60 ||   384
Block: Shield            |       |       |   142 |   204 ||   346
       Reflection        |       |       |     8 |     7 ||    15
       Rpst.: Falchion   |       |       |    34 |    19 ||    53
